 Dungeon Crawl Stone Soup version 0.28.0-43-g3370ac3207 (webtiles) character file.

Game seed: 6244448224865377757

4058 croobank the Ducker (level 10, -5/69 HPs)
             Began as a Djinni Fire Elementalist on Mar 16, 2022.
             Was an Initiate of Hepliaklqana.
             Slain by an orc warrior
             ... wielding a +0 glaive
              (25 damage)
             ... on level 8 of the Dungeon.
             The game lasted 00:33:54 (12580 turns).

croobank the Ducker (Djinni Fire Elementalist)     Turns: 12580, Time: 00:34:04

Health: -5/69      AC:  8    Str:  7    XL:     10   Next: 49%
Gold:   367        EV: 15    Int: 20    God:    Hepliaklqana [......] SH:  5 Dex: 17

rFire   + + .      SeeInvis .   C - +9 glaive "Embalmer" {vorpal, Dex+2}
rCold   x . .      Faith    .   (shield currently unavailable)
rNeg    . . .      Spirit   .   n - +3 leather armour
rPois   ∞          Reflect  +   r - +0 helmet
rElec   .          Harm     .   v - +0 cloak
rCorr   .          Rampage  .   (no gloves)
Will    +....                   (boots unavailable)
Stlth   +++.......              s - amulet of reflection
HPRegen 0.21/turn               (no ring)
MPRegen 0.00/turn               (no ring)

@: flying
A: sickness immunity, fire resistance 2, cold vulnerability 1, float, innate
caster, HP casting, extra vitality 1
a: Renounce Religion


You were on level 8 of the Dungeon.
You worshipped Hepliaklqana.
Hepliaklqana was noncommittal.
You visited 2 branches of the dungeon, and saw 10 of its levels.

You collected 423 gold pieces.
You spent 56 gold pieces at shops.

Inventory:

Hand Weapons
 h - a +2 dagger of venom
 i - a +0 falchion
 t - a +2 short sword of electrocution
 u - a +2 scythe of venom
 x - a +2 morningstar of protection
 A - the +1 trident of Zomiris {chaos, Fly rC- Will+++ Str+4}
   (You found it on level 6 of the Dungeon)

   Each time it hits an enemy it has a different, random effect.
   Str:       It affects your strength (+4).
   rC:        It makes you vulnerable to cold.
   Fly:       It grants you flight.
   Will:      It greatly increases your willpower.
 C - the +9 glaive "Embalmer" (weapon) {vorpal, Dex+2}
   (You found it on level 6 of the Dungeon)

   It inflicts extra damage upon your enemies.
   Dex:       It affects your dexterity (+2).
Missiles
 c - 59 bolts
 d - 267 stones
 e - 92 sling bullets
 j - 100 arrows
 k - 6 boomerangs
 l - 5 curare-tipped darts (quivered)
Armour
 a - a +0 robe
 b - a scarf of invisibility
 f - a +3 plate armour
 n - a +3 leather armour (worn)
 r - a +0 helmet (worn)
 v - a +0 cloak (worn)
Jewellery
 s - an amulet of reflection (around neck)
Wands
 z - a wand of polymorph (5)
 D - a wand of iceblast (14)
 F - a wand of paralysis (11)
Scrolls
 g - 2 scrolls of noise
 o - a scroll of silence
 q - a scroll of immolation
 y - a scroll of teleportation
 B - a scroll of identify
 J - a scroll of brand weapon {unknown}
Potions
 m - 4 potions of curing
 p - 2 potions of flight
 w - a potion of lignification
 E - 2 potions of haste {unknown}
 H - a potion of attraction
 I - a potion of magic {unknown}


   Skills:
 + Level 4.8 Fighting
 - Level 0.8 Short Blades
 - Level 1.9 Maces & Flails
 * Level 4.7 Polearms
 + Level 7.9 Dodging
 + Level 6.4 Stealth
 + Level 5.8 Spellcasting


You couldn't memorise any spells.
You knew the following spells:

 Your Spells              Type           Power      Damage    Failure   Level
a - Foxfire               Conj/Fire      100%       2x1d9     1%          1
b - Scorch                Fire           58%        2d8       2%          2
c - Conjure Flame         Conj/Fire      29%        6-21      4%          3
d - Inner Flame           Hex/Fire       29%        N/A       4%          3
e - Flame Wave            Conj/Fire      29%        2d8       14%         4
f - Beastly Appendage     Tmut           58%        N/A       1%          1
g - Wereblood             Tmut           29%        N/A       2%          2
h - Searing Ray           Conj           58%        2d6       2%          2
i - Portal Projectile     Hex/Tloc       58%        N/A       4%          3
Your spell library was empty.

Dungeon Overview and Level Annotations

Branches:
Dungeon (9/15)             Temple (1/1) D:7
   Lair: D:8-11         Orc: D:9-12

Altars:
Ashenzari
Cheibriados
Elyvilon
Gozag
Hepliaklqana
Kikubaaqudgha
Makhleb
Okawaru
Qazlal
Sif Muna
Vehumet
Wu Jian
Yredelemnul
The Shining One

Shops:
D:2 ??!([   D:4 =


Innate Abilities, Weirdness & Mutations

You are immune to sickness and miasma.
You are immune to poison.
Your flesh is very heat resistant. (rF++)
You are vulnerable to cold. (rC-)
You float through the air rather than walking.
You learn spells naturally, not from books.
Your magical power is your life essence.
You have superior vitality. (+4 MHP)


Message History

The orc shouts!
Your foxfire dissipates!
The orc warrior hits you from afar with a +0 glaive.
You're too confused to move!
The orc wizard casts a spell.
The orc wizard flickers and vanishes!
The orc warrior hits you from afar with a +0 glaive!
You feel better. The orc hits you but does no damage.
You block the orc warrior's attack.
Casting: Foxfire (safe; 1% risk of failure)
Confirm with . or Enter, or press ? or * to list all spells.
Casting: Flame Wave (dangerous; 14% risk of failure)
Press: ? - help, Dir - look around, f - activate A wave of flame ripples out!
The flame wave engulfs the orc!
You kill the orc! (Press . to intensify the flame waves.)
The orc warrior hits you from afar with a +0 glaive!!
A wave of flame ripples out!
The flame wave engulfs the orc warrior but does no damage.
The orc warrior misses you.
A wave of flame ripples out!
The flame wave engulfs the orc warrior!
The orc warrior is moderately wounded.
You feel a bit more experienced.
The flame wave engulfs the orc!
You kill the orc!
The flame wave engulfs something.
You finish channelling waves of flame.
The orc warrior barely misses you.
Casting: Flame Wave (dangerous; 14% risk of failure)
Confirm with . or Enter, or press ? or * to list all spells.
Flames lash the orc warrior.
The orc warrior is heavily wounded.
The orc warrior's fire resistance burns away.
The orc warrior hits you from afar with a +0 glaive!!
Casting: Scorch (safe; 2% risk of failure)
Confirm with . or Enter, or press ? or * to list all spells.
Flames lash something.
Reactivating autopickup.
You feel a bit more experienced.
* * * LOW HITPOINT WARNING * * *
The orc warrior hits you from afar with a +0 glaive!!
You die...

../. #.. # ....# #.#
.# ..... #.. ..#
.....o#.# ..
..o...#.##.#..#
...{..)o......#
....###o####.## .
#)####.# #@.....#
#.###### #.#######
#.#.....####
####.#.....#..
#..........#.# #.#
#.##.#.....#.#####.#
###.##.#..........##.#
#......##.####.##.##.#


You could see an orc warrior (combustible) and an orc wizard.

Vanquished Creatures
  A wraith (D:9)
  Sigmund (D:5)
  A wyvern (D:4)
  Eustachio (D:4)
  9 yaks (D:9)
  A steam dragon (D:7)
  2 water moccasins
  An ice beast (D:7)
  An orc warrior (D:7)
  A black bear (D:8)
  An ogre (D:4)
  A phantom (D:5)
  A wyvern zombie (D:6)
  A bullfrog (D:8)
  A gnoll sergeant (D:7)
  2 scorpions
  A water moccasin skeleton (D:5)
  7 wights
  A centaur zombie (D:7)
  2 hounds
  A jelly (D:4)
  A gnoll shaman (D:3)
  5 orc priests
  2 iguanas
  8 orc wizards
  A killer bee zombie (D:4)
  A hound zombie (D:5)
  10 gnolls
  4 adders
  2 ufetubi (D:4)
  4 dart slugs
  32 orcs
  9 ball pythons
  4 endoplasms
  4 giant cockroaches
  5 goblins
  4 hobgoblins
  A quokka (D:2)
  6 bats
  3 frilled lizards (D:2)
  4 kobolds
  A rat (D:1)
149 creatures vanquished.

Vanquished Creatures (others)
  An ice beast (D:7)
  An orc wizard (D:7)
  3 gnolls (D:7)
  An orc (D:7)
  210 foxfires
216 creatures vanquished.

Grand Total: 365 creatures vanquished

Notes
Turn   | Place    | Note
-------+----------+-------------------------------------------
     0 | D:1      | croobank the Djinni Fire Elementalist began the quest for
                  | the Orb.
     0 | D:1      | Reached XP level 1. HP: 15/15 MP: 0/0
    77 | D:1      | Reached XP level 2. HP: 10/21 MP: 0/0
   335 | D:1      | Found a faded altar of an unknown god.
   904 | D:2      | Reached XP level 3. HP: 18/25 MP: 0/0
   904 | D:2      | Learned a level 1 spell: Beastly Appendage
  1064 | D:2      | Found Ajiroedgh's Armour Shop.
  1095 | D:2      | Found Amavunu's Distillery.
  1150 | D:2      | Reached skill level 3 in Dodging
  1314 | D:2      | Found Perung's Magic Scroll Shoppe.
  1430 | D:2      | Bought a scroll of identify for 28 gold pieces
  1772 | D:2      | Reached XP level 4. HP: 27/31 MP: 0/0
  2074 | D:2      | Found Poishuj's Magic Scroll Shop.
  2086 | D:2      | Bought a scroll of identify for 28 gold pieces
  2106 | D:2      | Found Baadosan's Weapon Shoppe.
  3089 | D:4      | Found Gaerat's Jewellery Shoppe.
  3112 | D:4      | Noticed Eustachio
  3139 | D:4      | Killed Eustachio
  3140 | D:4      | Reached skill level 4 in Dodging
  3140 | D:4      | Reached XP level 5. HP: 2/35 MP: 0/0
  3140 | D:4      | Learned a level 2 spell: Wereblood
  3140 | D:4      | Reached XP level 6. HP: 3/40 MP: 0/0
  3626 | D:4      | Noticed a wyvern
  3636 | D:4      | HP: 1/40 [wyvern (7)]
  3637 | D:4      | Killed a wyvern
  3638 | D:4      | Reached XP level 7. HP: 1/45 MP: 0/0
  3638 | D:4      | Learned a level 2 spell: Searing Ray
  4079 | D:4      | Reached skill level 5 in Dodging
  5285 | D:5      | Entered Level 5 of the Dungeon
  5415 | D:5      | Reached XP level 8. HP: 35/51 MP: 0/0
  5723 | D:5      | Reached skill level 1 in Fighting
  6544 | D:5      | Reached skill level 1 in Maces & Flails
  6734 | D:5      | Reached skill level 6 in Dodging
  6823 | D:5      | Noticed a wraith
  7010 | D:5      | Noticed Sigmund
  7027 | D:5      | Killed Sigmund
  7633 | D:6      | Identified the +1 trident of Zomiris {chaos, Fly rC-
                  | Will+++ Str+4}
  7701 | D:6      | Reached skill level 5 in Stealth
  8265 | D:6      | Reached XP level 9. HP: 52/59 MP: 0/0
  8265 | D:6      | Learned a level 3 spell: Portal Projectile
  8309 | D:6      | Identified the +9 glaive "Embalmer" {vorpal, Dex+2}
  8872 | D:7      | Reached skill level 1 in Polearms
  8872 | D:7      | Reached skill level 5 in Spellcasting
  9719 | D:7      | Found a staircase to the Ecumenical Temple.
  9732 | Temple   | Entered the Ecumenical Temple
  9843 | Temple   | Became a worshipper of Hepliaklqana the Forgotten
 10106 | D:7      | Reached skill level 7 in Dodging
 10813 | D:8      | You are sucked into a shaft and drop 1 floor!
 10861 | D:9      | Reached XP level 10. HP: 29/67 MP: 0/0
 12580 | D:8      | Slain by an orc warrior

Illustrated notes

Levels and vault maps discovered:
D:1:      dpeg_arrival_water_temple_mockup, layout_rooms,
          shapermc_ecumenical_altar_mp_ritualfount
D:2:      layout_loops_ring, serial_shops, nicolae_shop_bloodbath_and_beyond,
          nicolae_shop_stone, nicolae_diamond_shop,
          nicolae_shop_window_shopping, shop, minmay_tromino_v7
D:3:      layout_loops_corners
D:4:      layout_basic, serial_shops, nicolae_stop_n_shop_2, uniq_eustachio
D:5:      layout_layer_cave, supply_closet_lemuel,
          amcnicky_mini_corridor_feature, lightli_corner_chamber, uniq_sigmund
D:6:      layout_loops_ring
D:7:      layout_loops_ring, minmay_temple_entry_sparse_star
D:8:      layout_loops_cross, kennysheep_generic_room_14
D:9:      layout_stronghold, chequers_jeans, chequers_serial_rivers_large_b,
          nicolae_lava_and_water
Temple:   mainiacjoe_temple_hex_bubbles

Skill      XL: |  1  2  3  4  5  6  7  8  9 10 |
---------------+-------------------------------+-----
Stealth        | 2 3 4 5 6 |  6.4
Dodging        | 3 4 5 6 7 |  7.9
Spellcasting   | 3 4 5 |  5.8
Fighting       | 2 4 |  4.8
Maces & Flails | 1 |  1.9
Polearms       | 3 4 |  4.7
Short Blades   | |  0.8

Action                   |  1- 3 |  4- 6 |  7- 9 | 10-12 || total
-------------------------+-------+-------+-------+-------++-------
Melee: Unarmed           |     3 |       |       |       ||     3
       Punch             |     1 |     2 |     1 |       ||     4
       Dagger            |     5 |    31 |    12 |       ||    48
       Headbutt          |       |     1 |       |       ||     1
       Trident           |       |       |    11 |       ||    11
       Morningstar       |       |       |    10 |       ||    10
       Glaive            |       |       |    44 |    18 ||    62
 Cast: Foxfire           |    38 |    14 |    70 |     5 ||   127
       Scorch            |     5 |    13 |    90 |    28 ||   136
       Flame Wave        |       |     2 |     3 |     3 ||     8
       Beastly Appendage |       |     1 |     1 |       ||     2
       Wereblood         |       |       |     1 |       ||     1
       Searing Ray       |       |       |     1 |       ||     1
  Use: Scroll            |     2 |     1 |    14 |       ||    17
       Potion            |       |     2 |       |     1 ||     3
 Stab: Sleeping          |       |       |     1 |       ||     1
       Distracted        |       |       |     2 |       ||     2
Armor: Robe              |     2 |     2 |       |       ||     4
       Skin              |       |    32 |       |       ||    32
       Leather armour    |       |       |    33 |    16 ||    49
Dodge: Dodged            |    19 |    32 |    92 |    30 ||   173
Block: Other             |       |       |    19 |     8 ||    27
       Reflection        |       |       |     2 |       ||     2
